3AA
FT. POLK SOUTH THUNDER HAWKS @ LONG ISLAND SEAWOLVES
08/30/2027
 
TOP OF THE 1ST
Ft. Polk South Thunder Hawks batting - Pitching for Long Island Seawolves : RHP Miguel Ramírez
Pitching: RHP Miguel Ramírez
Batting: SHB Kai-xi Choe 0-0: Ball
1-0: Foul Ball, location: 2F
1-1: Foul Ball, location: 2F
1-2: Ball
2-2: SINGLE (Flyball, 9LS)
Batting: RHB Jesús Torres 0-0: SINGLE (Groundball, 4MD)
Kai-xi Choe to second
Batting: RHB Walt Shelton 0-0: Ball
1-0: Ball
2-0: Ball
3-0: Called Strike
3-1: Called Strike
3-2: Foul Ball, location: 2F
3-2: SINGLE (Line Drive, 4D)
Kai-xi Choe to third
Jesús Torres to second
Batting: RHB José Morín 0-0: SINGLE (Flyball, 89S)
Kai-xi Choe scores
Jesús Torres to third
Walt Shelton to second
Batting: RHB Peter Agulera 0-0: Ball
1-0: Ball
2-0: Ball
3-0: Base on Balls
Jesús Torres scores
Walt Shelton to third
José Morín to second
Batting: RHB David Phipps 0-0: Ball
1-0: Called Strike
1-1: Ball
2-1: Fly out, F8 (Flyball, 8LS)
Batting: RHB Gregory Shankland 0-0: Called Strike
0-1: Foul Ball, location: 2F
0-2: Ball
1-2: Ball
2-2: Ball
3-2: Base on Balls
Walt Shelton scores
José Morín to third
Peter Agulera to second
Batting: RHB Will Huggins 0-0: Ball
1-0: Ball
2-0: Foul Ball, location: 2F
2-1: Fielders Choice at 2nd, 6-4 (Groundball, 6)
José Morín scores
Peter Agulera to third
Batting: RHB Jorge Flores 0-0: Foul Ball, location: 2F
0-1: Ball
1-1: Called Strike
1-2: SINGLE (Groundball, 4MD)
Peter Agulera scores
Will Huggins to second
Batting: SHB Kai-xi Choe 0-0: Called Strike
0-1: Swinging Strike
0-2: Strikes out looking
Top of the 1st over - 5 run(s), 5 hit(s), 0 error(s), 2 left on base; Ft. Polk South 5 - Long Island 0
BOTTOM OF THE 1ST
Long Island Seawolves batting - Pitching for Ft. Polk South Thunder Hawks : LHP César Vásquez
Pitching: LHP César Vásquez
Batting: RHB José Orihvela 0-0: Ground out 6-3 (Groundball, 6)
Batting: LHB Pedro Colón 0-0: Ball
1-0: Called Strike
1-1: Foul Ball, location: 2F
1-2: Strikes out swinging
Batting: RHB Max Berman 0-0: Foul Ball, location: 2F
0-1: Foul Ball, location: 2F
0-2: Strikes out looking
Bottom of the 1st over - 0 run(s), 0 hit(s), 0 error(s), 0 left on base; Ft. Polk South 5 - Long Island 0
TOP OF THE 2ND
Ft. Polk South Thunder Hawks batting - Pitching for Long Island Seawolves : RHP Miguel Ramírez
Batting: RHB Jesús Torres 0-0: Swinging Strike
0-1: Foul Ball, location: 2F
0-2: Ball
1-2: Ball
2-2: Foul Ball, location: 2F
2-2: Strikes out swinging
Batting: RHB Walt Shelton 0-0: Ball
1-0: Foul Ball, location: 2F
1-1: Ball
2-1: Ball
3-1: Base on Balls
Batting: RHB José Morín 0-0: Called Strike
0-1: Ball
1-1: Fly out, F8 (Flyball, 8RS)
Batting: RHB Peter Agulera 0-0: Foul Ball, location: 2F
0-1: Ball
1-1: Ball
2-1: Ball
3-1: Called Strike
3-2: Strikes out looking
Top of the 2nd over - 0 run(s), 0 hit(s), 0 error(s), 1 left on base; Ft. Polk South 5 - Long Island 0
BOTTOM OF THE 2ND
Long Island Seawolves batting - Pitching for Ft. Polk South Thunder Hawks : LHP César Vásquez
Batting: RHB Alfredo Escalante 0-0: Ball
1-0: Ball
2-0: Ball
3-0: Called Strike
3-1: Foul Ball, location: 2F
3-2: Base on Balls
Batting: RHB Abad Lugo 0-0: Called Strike
0-1: Ball
1-1: Foul Ball, location: 2F
1-2: SINGLE (Groundball, 4D)
Alfredo Escalante to second
Runner from 2nd tries for 3rd, SAFE, throw made to third
Batting: LHB Michael van Berkel 0-0: Ball
1-0: Foul Ball, location: 2F
1-1: Ball
2-1: Foul Ball, location: 2F
2-2: Ball
3-2: Strikes out swinging
Batting: RHB Sheldon Deshotels 0-0: Foul Ball, location: 2F
0-1: Ball
Wild Pitch!
Alfredo Escalante scores
Abad Lugo to second
1-1: Ball
2-1: Ball
3-1: Base on Balls
Batting: RHB DeAndre Thomas 0-0: Ball
1-0: Ball
2-0: Grounds into double play, 6-4-3 (Groundball, 6M)
Bottom of the 2nd over - 1 run(s), 1 hit(s), 0 error(s), 1 left on base; Ft. Polk South 5 - Long Island 1
TOP OF THE 3RD
Ft. Polk South Thunder Hawks batting - Pitching for Long Island Seawolves : RHP Miguel Ramírez
Batting: RHB David Phipps 0-0: Ball
1-0: Fly out, F8 (Line Drive, 8LM)
Batting: RHB Gregory Shankland 0-0: Ball
1-0: Ball
2-0: Swinging Strike
2-1: Ball
3-1: SINGLE (Groundball, 6D)
Batting: RHB Will Huggins 0-0: Grounds into double play, 5-4-3 (Groundball, 56)
Top of the 3rd over - 0 run(s), 1 hit(s), 0 error(s), 0 left on base; Ft. Polk South 5 - Long Island 1
BOTTOM OF THE 3RD
Long Island Seawolves batting - Pitching for Ft. Polk South Thunder Hawks : LHP César Vásquez
Batting: LHB Govaart Pleijt 0-0: Ground out 6-3 (Groundball, 6)
Batting: RHB José Orihvela 0-0: Foul Ball, location: 2F
0-1: Ball
1-1: Ball
2-1: Ball
3-1: Called Strike
3-2: Foul Ball, location: 2F
3-2: Ground out 4-3 (Groundball, 4)
Batting: LHB Pedro Colón 0-0: Called Strike
0-1: Foul Ball, location: 2F
0-2: Ground out 6-3 (Groundball, 6)
Bottom of the 3rd over - 0 run(s), 0 hit(s), 0 error(s), 0 left on base; Ft. Polk South 5 - Long Island 1
TOP OF THE 4TH
Ft. Polk South Thunder Hawks batting - Pitching for Long Island Seawolves : RHP Miguel Ramírez
Batting: RHB Jorge Flores 0-0: Ball
1-0: Called Strike
1-1: Swinging Strike
1-2: Ball
2-2: Ball
3-2: Base on Balls
Batting: SHB Kai-xi Choe 0-0: Fly out, F9 (Flyball, 9D)
Batting: RHB Jesús Torres 0-0: Fly out, F8 (Flyball, 8RS)
Batting: RHB Walt Shelton 0-0: Fly out, F4 (Popup, 3D)
Top of the 4th over - 0 run(s), 0 hit(s), 0 error(s), 1 left on base; Ft. Polk South 5 - Long Island 1
BOTTOM OF THE 4TH
Long Island Seawolves batting - Pitching for Ft. Polk South Thunder Hawks : LHP César Vásquez
Batting: RHB Max Berman 0-0: Ball
1-0: Called Strike
1-1: Foul Ball, location: 2F
1-2: Strikes out swinging
Batting: RHB Alfredo Escalante 0-0: Ball
1-0: Ball
2-0: Called Strike
2-1: Ball
3-1: SINGLE (Line Drive, 7S)
Batting: RHB Abad Lugo 0-0: Called Strike
Throwing error on steal attempt, E2
Alfredo Escalante to third
0-1: Ball
1-1: SINGLE (Line Drive, 56D)
Alfredo Escalante scores
Batting: LHB Michael van Berkel 0-0: Ball
Wild Pitch!
Abad Lugo to second
1-0: Ball
2-0: Ball
3-0: Called Strike
3-1: Called Strike
3-2: Foul Ball, location: 2F
3-2: Ground out 4-3 (Groundball, 34)
Abad Lugo to third
Batting: RHB Sheldon Deshotels 0-0: Called Strike
0-1: Foul Ball, location: 2F
0-2: Foul Ball, location: 2F
0-2: Ball
1-2: Ball
2-2: Ball
3-2: 2-RUN HOME RUN (Flyball, 7D), Distance : 340 ft
Batting: RHB DeAndre Thomas 0-0: Called Strike
0-1: Ball
1-1: Ball
2-1: Ball
3-1: Called Strike
3-2: Base on Balls
Batting: LHB Govaart Pleijt 0-0: Ball
1-0: Ball
2-0: Foul Ball, location: 2F
2-1: Fly out, F7 (Line Drive, 7LM)
Bottom of the 4th over - 3 run(s), 3 hit(s), 1 error(s), 1 left on base; Ft. Polk South 5 - Long Island 4
TOP OF THE 5TH
Ft. Polk South Thunder Hawks batting - Pitching for Long Island Seawolves : RHP Miguel Ramírez
Batting: RHB José Morín 0-0: Fly out, F7 (Flyball, 7LS)
Batting: RHB Peter Agulera 0-0: Called Strike
0-1: Ball
1-1: Hit by Pitch
Batting: RHB David Phipps 0-0: Called Strike
0-1: SINGLE (Flyball, 89S)
Peter Agulera to second
Batting: RHB Gregory Shankland 0-0: Ground out 5-3 (Groundball, 56S)
Peter Agulera to third
David Phipps to second
Batting: RHB Will Huggins 0-0: Called Strike
0-1: SINGLE (Groundball, 6MD)
Peter Agulera scores
David Phipps to third
Runner from 3rd tries for Home, SAFE, no throw
Pitching: LHP José González
Batting: RHB Jorge Flores 0-0: Ball
1-0: Swinging Strike
1-1: Foul Ball, location: 2F
1-2: SINGLE (Groundball, 4MD)
Will Huggins to second
Batting: SHB Kai-xi Choe 0-0: Foul Ball, location: 2F
0-1: Called Strike
0-2: Ball
1-2: Strikes out looking
Top of the 5th over - 2 run(s), 3 hit(s), 0 error(s), 2 left on base; Ft. Polk South 7 - Long Island 4
BOTTOM OF THE 5TH
Long Island Seawolves batting - Pitching for Ft. Polk South Thunder Hawks : LHP César Vásquez
Batting: RHB José Orihvela 0-0: Foul Ball, location: 2F
0-1: Ball
1-1: Foul Ball, location: 2F
1-2: Ball
2-2: Foul Ball, location: 2F
2-2: Foul Ball, location: 2F
2-2: Ball
3-2: Strikes out swinging
Batting: LHB Pedro Colón 0-0: Called Strike
0-1: Called Strike
0-2: Ball
1-2: Strikes out swinging
Batting: RHB Max Berman 0-0: Ball
1-0: Ball
2-0: Called Strike
2-1: Fly out, F8 (Flyball, 8RS)
Bottom of the 5th over - 0 run(s), 0 hit(s), 0 error(s), 0 left on base; Ft. Polk South 7 - Long Island 4
TOP OF THE 6TH
Ft. Polk South Thunder Hawks batting - Pitching for Long Island Seawolves : LHP José González
Batting: RHB Jesús Torres 0-0: Ball
1-0: Called Strike
1-1: Swinging Strike
1-2: Foul Ball, location: 2F
1-2: Ball
2-2: Ball
3-2: Foul Ball, location: 2F
3-2: Strikes out swinging
Batting: RHB Walt Shelton 0-0: Ball
1-0: Ball
2-0: Ball
3-0: Base on Balls
Batting: RHB José Morín 0-0: Ball
1-0: Ball
2-0: Ball
3-0: Base on Balls
Walt Shelton to second
Batting: RHB Peter Agulera 0-0: Ball
1-0: Ball
2-0: Ball
3-0: Called Strike
3-1: Called Strike
3-2: Foul Ball, location: 2F
3-2: Strikes out swinging
Batting: RHB David Phipps 0-0: Ball
1-0: Foul Ball, location: 2F
1-1: Ball
2-1: Ball
3-1: Fly out, F7 (Flyball, 7S)
Top of the 6th over - 0 run(s), 0 hit(s), 0 error(s), 2 left on base; Ft. Polk South 7 - Long Island 4
BOTTOM OF THE 6TH
Long Island Seawolves batting - Pitching for Ft. Polk South Thunder Hawks : LHP César Vásquez
Batting: RHB Alfredo Escalante 0-0: Ball
1-0: Foul Ball, location: 2F
1-1: Foul Ball, location: 2F
1-2: Ball
2-2: Strikes out looking
Batting: RHB Abad Lugo 0-0: Called Strike
0-1: Foul Ball, location: 2F
0-2: Ball
1-2: Fly out, F8 (Flyball, 8LS)
Batting: LHB Michael van Berkel 0-0: Ball
1-0: Called Strike
1-1: Ball
2-1: Ball
3-1: Base on Balls
Batting: RHB Sheldon Deshotels 0-0: Ball
1-0: Called Strike
1-1: Ball
2-1: Foul Ball, location: 2F
2-2: Foul Ball, location: 2F
2-2: Foul Ball, location: 2F
2-2: Foul Ball, location: 2F
2-2: Foul Ball, location: 2F
2-2: Ball
3-2: SINGLE (Groundball, 56D)
Michael van Berkel to second
Michael van Berkel to third
Pitching: RHP Rubén Sánchez
Batting: RHB DeAndre Thomas 0-0: Called Strike
0-1: Fielders Choice at 2nd, 5-4 (Groundball, 56)
Bottom of the 6th over - 0 run(s), 1 hit(s), 0 error(s), 1 left on base; Ft. Polk South 7 - Long Island 4
TOP OF THE 7TH
Ft. Polk South Thunder Hawks batting - Pitching for Long Island Seawolves : LHP José González
Batting: RHB Gregory Shankland 0-0: Called Strike
0-1: Ball
1-1: Foul Ball, location: 2F
1-2: Ball
2-2: Fly out, F9 (Flyball, 9LS)
Batting: RHB Will Huggins 0-0: Called Strike
0-1: Ball
1-1: Ball
2-1: Foul Ball, location: 2F
2-2: Ball
3-2: Base on Balls
Batting: RHB Jorge Flores 0-0: Foul Ball, location: 2F
0-1: Foul Ball, location: 2F
0-2: Ball
1-2: Foul Ball, location: 2F
1-2: Ball
2-2: Fly out, F9 (Flyball, 9LS)
Batting: SHB Kai-xi Choe 0-0: Ball
1-0: Ball
2-0: Foul Ball, location: 2F
2-1: Foul Ball, location: 2F
2-2: Strikes out swinging
Top of the 7th over - 0 run(s), 0 hit(s), 0 error(s), 1 left on base; Ft. Polk South 7 - Long Island 4
BOTTOM OF THE 7TH
Long Island Seawolves batting - Pitching for Ft. Polk South Thunder Hawks : RHP Rubén Sánchez
Batting: LHB Govaart Pleijt 0-0: Foul Ball, location: 2F
0-1: Foul Ball, location: 2F
0-2: Strikes out swinging
Batting: RHB José Orihvela 0-0: Foul Ball, location: 2F
0-1: Ball
1-1: Swinging Strike
1-2: Ball
2-2: Ball
3-2: Strikes out swinging
Batting: LHB Pedro Colón 0-0: Called Strike
0-1: Ball
1-1: Foul Ball, location: 2F
1-2: Ball
2-2: Ball
3-2: Foul Ball, location: 2F
3-2: Fly out, F8 (Flyball, 8RS)
Bottom of the 7th over - 0 run(s), 0 hit(s), 0 error(s), 0 left on base; Ft. Polk South 7 - Long Island 4
TOP OF THE 8TH
Ft. Polk South Thunder Hawks batting - Pitching for Long Island Seawolves : LHP José González
Batting: RHB Jesús Torres 0-0: Called Strike
0-1: Swinging Strike
0-2: Foul Ball, location: 2F
0-2: Hit by Pitch
Batting: RHB Walt Shelton 0-0: Called Strike
0-1: Ball
1-1: Foul Ball, location: 2F
1-2: Ball
2-2: Ball
3-2: Ground out 6-3 (Groundball, 6)
Jesús Torres to second
Batting: RHB José Morín 0-0: Ball
Jesús Torres is caught stealing 3rd base
1-0: Ball
2-0: Ball
3-0: Called Strike
3-1: Fly out, F8 (Flyball, 8RM)
Top of the 8th over - 0 run(s), 0 hit(s), 0 error(s), 0 left on base; Ft. Polk South 7 - Long Island 4
BOTTOM OF THE 8TH
Long Island Seawolves batting - Pitching for Ft. Polk South Thunder Hawks : RHP Rubén Sánchez
Batting: RHB Max Berman 0-0: Fly out, F7 (Flyball, 7)
Batting: RHB Alfredo Escalante 0-0: Ball
1-0: Called Strike
1-1: Foul Ball, location: 2F
1-2: Fly out, F6 (Line Drive, 6)
Batting: RHB Abad Lugo 0-0: Hit by Pitch
Pitching: LHP Billy Grange
Batting: LHB Michael van Berkel 0-0: Called Strike
0-1: Fly out, F7 (Flyball, 7S)
Bottom of the 8th over - 0 run(s), 0 hit(s), 0 error(s), 1 left on base; Ft. Polk South 7 - Long Island 4
TOP OF THE 9TH
Ft. Polk South Thunder Hawks batting - Pitching for Long Island Seawolves : LHP José González
Batting: RHB Peter Agulera 0-0: Fly out, F4 (Popup, 4D)
Batting: RHB David Phipps 0-0: Ball
1-0: Foul Ball, location: 2F
1-1: Called Strike
1-2: Ball
2-2: Foul Ball, location: 2F
2-2: Ground out 5-3 (Groundball, 56S)
Batting: RHB Gregory Shankland 0-0: Ball
1-0: Called Strike
1-1: Ground out 5-3 (Groundball, 56)
Top of the 9th over - 0 run(s), 0 hit(s), 0 error(s), 0 left on base; Ft. Polk South 7 - Long Island 4
BOTTOM OF THE 9TH
Long Island Seawolves batting - Pitching for Ft. Polk South Thunder Hawks : LHP Billy Grange
Pitching: RHP Joey Hamman
Batting: RHB Sheldon Deshotels 0-0: Foul Ball, location: 2F
0-1: Ball
1-1: Ball
2-1: Fly out, F7 (Flyball, 7)
Batting: RHB DeAndre Thomas 0-0: Called Strike
0-1: Swinging Strike
0-2: Foul Ball, location: 2F
0-2: Ball
1-2: Strikes out looking
Batting: LHB Govaart Pleijt 0-0: Ball
1-0: Fly out, F7 (Line Drive, 7S)
Bottom of the 9th over - 0 run(s), 0 hit(s), 0 error(s), 0 left on base; Ft. Polk South 7 - Long Island 4
Saturday, May 26th, 2018 - OOTP Baseball 17.12 Build 75